 Dungeon Crawl Stone Soup version 0.28-a0-1510-gd0f6b136d3 (webtiles) character file.

Game seed: 7266712952889469028

61 kae the Insei (level 3, -3/26 HPs)
             Began as a Demonspawn Transmuter on Jan 14, 2022.
             Slain by Natasha (8 damage)
             ... on level 1 of the Dungeon.
             The game lasted 00:00:53 (1380 turns).

kae the Insei (Demonspawn Transmuter)               Turns: 1380, Time: 00:00:53

Health: -3/26      AC:  2    Str: 10    XL:     3   Next: 83%
Magic:  1/6        EV: 12    Int: 18    God:
Gold:   16         SH:  0    Dex: 13    Spells: 2/6 levels left

rFire   . . .      SeeInvis .     - Unarmed
rCold   . . .      Faith    .   (no shield)
rNeg    . . .      Spirit   .   a - +0 robe
rPois   .          Reflect  .   (helmet currently unavailable)
rElec   .          Harm     .   (no cloak)
rCorr   .          Rampage  .   (no gloves)
Will    .....                   (boots currently unavailable)
Stlth   +.........              (no amulet)
HPRegen 0.08/turn               (no ring)
MPRegen 0.10/turn               (no ring)

@: appendages, very slightly contaminated, slowed, very slow
A: horns 2, talons 2, big brain 1
a: End Transformation


You were on level 1 of the Dungeon.
You had temporarily grown beastly horns and talons.
You visited 1 branch of the dungeon, and saw 2 of its levels.

You collected 16 gold pieces.

Inventory:

Armour
 a - a +0 robe (worn)
Scrolls
 b - a scroll of brand weapon {unknown}
 c - a scroll of teleportation {unknown}


   Skills:
 + Level 1.4 Fighting
 + Level 2.1 Dodging
 * Level 3.3 Unarmed Combat
 + Level 2.2 Spellcasting
 * Level 2.5 Transmutations
 * Level 0.6 Poison Magic


You had 2 spell levels left.
You knew the following spells:

 Your Spells              Type           Power      Damage    Failure   Level
a - Beastly Appendage     Tmut           20%        N/A       6%          1
b - Spider Form           Tmut/Pois      7%         N/A       28%         3

Your spell library contained the following spells:

 Spells                   Type           Power      Damage    Failure   Level
 Wereblood                Tmut           10%        N/A       10%         2
 Static Discharge         Conj/Air       1%         N/A       26%         2
 Ice Form                 Ice/Tmut       6%         N/A       71%         4
 Dispel Undead            Necr           1%         3d6       87%         4
 Sticky Flame             Conj/Fire      1%         2d3       87%         4


Dungeon Overview and Level Annotations

Branches:
Dungeon (2/15)

Altars:

Annotations:
D:1 Natasha


Innate Abilities, Weirdness & Mutations

You have temporarily grown beastly horns and talons.
You have an unusually large brain. (Int +2)


Message History

You hit Natasha but do no damage.
Natasha is lightly wounded.
Natasha closely misses you.
You closely miss Natasha.
Natasha is lightly wounded.
Natasha claws you but does no damage.
You miss Natasha.
Natasha is lightly wounded.
Natasha casts a spell at you.
You feel yourself slow down.
You barely miss Natasha. You punch Natasha.
Natasha is moderately wounded.
Natasha claws you.
* * * LOW HITPOINT WARNING * * *
Natasha misses you.
You closely miss Natasha.
Natasha is lightly wounded.
Natasha misses you.
You closely miss Natasha.
Natasha is lightly wounded.
Natasha claws you but does no damage.
You aren't carrying any potions.
Casting: Spider Form (extremely dangerous; 28% risk of failure)
Confirm with . or Enter, or press ? or * to list all spells.
The spell is extremely dangerous to miscast (28% risk of failure)!
Continue anyway? [Y]es or [N]o only, please.
The spell is extremely dangerous to miscast (28% risk of failure)!
Continue anyway?
You miscast Spider Form.
You are very lightly contaminated with residual magic.
Nothing appears to happen.
Natasha claws you but does no damage. Natasha misses you.
Casting: Spider Form (extremely dangerous; 28% risk of failure)
Confirm with . or Enter, or press ? or * to list all spells.
You don't have enough magic to cast this spell.
Natasha is nearby!
Casting: Spider Form (extremely dangerous; 28% risk of failure)
Confirm with . or Enter, or press ? or * to list all spells.
You grow a pair of large bovine horns.
Your feet morph into talons.
Natasha claws you!
You die...

..........# ##.# #.# #...
..........####..# #.# ###.
..........#....## #.# #.
............###### #.##########.
.................# #............
.....†......####†# #)###########
...............#>####.##.........
######.#######.#.##...#..........
##.# #..@.#.#.#.....##### ##..#
###h.....#....##...#
#..##########...##.#...##..8..
#..............###.#..##......
###########........#.##.......
#.#.####............ ##.#.#
####.######## ###..#.# #.#
#...#..# #.# #


You could see Natasha.

Vanquished Creatures
  Natasha (D:1)
  7 bats (D:1)
  5 endoplasms (D:1)
  3 giant cockroaches (D:1)
  3 goblins (D:1)
  A hobgoblin (D:1)
  A quokka (D:1)
  3 ball pythons (D:1)
  3 frilled lizards (D:1)
  5 kobolds (D:1)
  2 rats (D:1)
34 creatures vanquished.

Notes
Turn   | Place    | Note
-------+----------+-------------------------------------------
     0 | D:1      | kae the Demonspawn Transmuter began the quest for the Orb.
     0 | D:1      | Reached XP level 1. HP: 15/15 MP: 3/3
   290 | D:1      | Gained mutation: You have an unusually large brain. (Int
                  | +2) [demonic ancestry]
   290 | D:1      | Reached XP level 2. HP: 17/21 MP: 3/5
   556 | D:1      | Reached skill level 3 in Unarmed Combat
   866 | D:1      | Reached XP level 3. HP: 16/26 MP: 6/6
   870 | D:1      | Learned a level 3 spell: Spider Form
  1047 | D:1      | Found a faded altar of an unknown god.
  1352 | D:2      | Noticed Natasha
  1358 | D:1      | Killed Natasha
  1367 | D:1      | Noticed Natasha
  1380 | D:1      | Slain by Natasha

Illustrated notes

Levels and vault maps discovered:
D:1:      giann_horns, layout_rooms, dilly_ecumenical_altar_fadedgnrine
D:2:      layout_basic, corexii_hall_statues_i, minmay_misc_feat_x, uniq_natasha

Skill      XL: |  1  2 |
---------------+-------+-----
Transmutations | 2 |  2.5
Unarmed Combat | 3 |  3.3
Dodging        | 2 |  2.1
Fighting       | |  1.4
Spellcasting   | |  2.2
Poison Magic   | |  0.6

Action                   || total
-------------------------++-------
Melee: Unarmed           ||    88
       Kick              ||    20
       Headbutt          ||     8
       Punch             ||     1
 Cast: Beastly Appendage ||    18
       Spider Form       ||     1
Armor: Robe              ||    30
Dodge: Dodged            ||    72

Table legend: (Time is in decaauts)
 A = Elapsed time spent in this place.
 B = Non-inter-level travel time spent in this place.
 C = Inter-level travel time spent in this place.
 D = Time resting spent in this place.
 E = Time spent auto-exploring this place.
 F = Levels seen in this place.
 G = Mean time per level.
                   A        B        C        D        E       F      G
               +--------+--------+--------+--------+--------+-----+--------+
         Total |   1377 |   1364 |     13 |     10 |   1133 |   2 |  688.5 |
       Dungeon |   1377 |   1364 |     13 |     10 |   1133 |   2 |  688.5 |
               +--------+--------+--------+--------+--------+-----+--------+

Top non-repeatable levels by time:
     D:1: 1376 daAuts
     D:2: 1 daAuts
